 Dungeon Crawl Stone Soup version 0.26-a0-682-g294304f6e8 (webtiles) character file.

Game seed: 16982679506950637223

8570 jasper the Martial Artist (level 11, -2/69 HPs)
             Began as a Kobold Transmuter on Oct 21, 2020.
             Was a Believer of Ashenzari.
             Slain by a gnoll
             ... wielding a +0 whip
              (11 damage)
             ... on level 10 of the Dungeon.
             The game lasted 00:22:42 (14057 turns).

jasper the Martial Artist (Kobold Transmuter)      Turns: 14057, Time: 00:22:43

Health: -2/69      AC:  5    Str:  7    XL:     11   Next: 58%
Magic:  13/14      EV: 21    Int: 27    God:    Ashenzari [**....]
Gold:   96         SH:  5    Dex: 16    Spells: 1/14 levels left

rFire    . . .     SeeInvis .     - Unarmed
rCold    . . .     Faith    .   (shield currently unavailable)
rNeg     . . .     Spirit   .   a - +0 robe (curse)
rPois    .         Reflect  +   G - +2 hat {Int+3} (curse)
rElec    .         Harm     .   v - +0 cloak (curse)
rCorr    .         Rampage  .   (gloves currently unavailable)
MR       .....                  (no boots)
Stlth    +++++.....             u - amulet of reflection (curse)
HPRegen  0.21/turn              t - ring of wizardry (curse)
MPRegen  0.14/turn              I - +6 ring of intelligence

@: blade hands (expiring)
A: small, nightstalker 3
a: End Transformation, Curse Item, Scrying, Renounce Religion


You were on level 10 of the Dungeon.
You worshipped Ashenzari.
Ashenzari was pleased with you.
You had blades for hands.
You visited 2 branches of the dungeon, and saw 11 of its levels.

You collected 703 gold pieces.
You spent 607 gold pieces at shops.

Inventory:

Missiles
 b - 268 stones
 i - 8 boomerangs (quivered)
 l - 22 poisoned darts
Armour
 a - a cursed +0 robe (worn)
 n - a cursed +0 buckler (melded)
 o - a cursed +0 pair of gloves (melded)
 v - a cursed +0 cloak (worn)
 G - a cursed +2 hat of intelligence (worn)
 N - a +0 troll leather armour
Jewellery
 t - a cursed ring of wizardry (left scythe-like blade)
 u - a cursed amulet of reflection (around neck)
 y - an uncursed ring of fire
 I - a +6 ring of intelligence (right scythe-like blade)
 P - a +6 ring of dexterity
Wands
 F - a wand of digging (2)
 O - a wand of random effects (19)
Scrolls
 c - 2 scrolls of fog
 f - 6 scrolls of fear
 p - 2 scrolls of magic mapping
 q - a scroll of brand weapon
 r - a scroll of enchant weapon {unknown}
 s - 6 scrolls of teleportation
 w - a scroll of amnesia {unknown}
 z - 2 scrolls of noise
 H - a scroll of immolation {unknown}
 K - 2 scrolls of vulnerability {unknown}
 L - 2 scrolls of identify
 M - a scroll of remove curse
Potions
 d - 5 potions of haste
 e - 4 potions of mutation
 g - 4 potions of degeneration
 h - 2 potions of cancellation
 j - a potion of berserk rage
 k - a potion of stabbing
 m - 2 potions of flight
 x - 3 potions of curing
 A - a potion of invisibility {unknown}
 B - 3 potions of resistance {unknown}
 C - a potion of lignification {unknown}
 D - a potion of might {unknown}
 E - a potion of magic {unknown}


   Skills:
 + Level 8.3 Fighting
 - Level 7.0(8.5) Dodging
 + Level 8.3(9.7) Stealth
 - Level 4.3(5.7) Shields
 * Level 11.3 Unarmed Combat
 - Level 2.1 Spellcasting
 - Level 5.0(6.4) Transmutations
 - Level 2.2(3.4) Poison Magic


You had one spell level left.
You knew the following spells:

 Your Spells              Type           Power        Failure   Level
a - Beastly Appendage     Tmut           #####.       5%          1
b - Wereblood             Tmut           #####...     6%          2
c - Spider Form           Tmut/Pois      ####......   12%         3
d - Animate Skeleton      Necr           #.....       19%         1
e - Blade Hands           Tmut           #####.....   30%         5
f - Apportation           Tloc           #.....       19%         1

Your spell library contained the following spells:

 Spells                   Type           Power        Failure   Level
 Corona                   Hex            #......      19%         1
 Pain                     Necr           #...         19%         1
 Summon Small Mammal      Summ           #...         19%         1
 Ice Form                 Ice/Tmut       ###.....     34%         4
 Vampiric Draining        Necr           #.........   36%         3
 Animate Dead             Necr           #.........   65%         4
 Agony                    Necr           #.......     89%         5


Dungeon Overview and Level Annotations

Branches:
Dungeon (10/15)            Temple (1/1) D:6
   Lair: D:8-11         Orc: D:9-12

Altars:
Ashenzari
Cheibriados
Dithmenos
Elyvilon
Fedhas
Gozag
Hepliaklqana
Kikubaaqudgha
Makhleb
Nemelex Xobeh
Okawaru
Qazlal
Ru
Sif Muna
Trog
Uskayaw
Vehumet
Wu Jian
Xom
Yredelemnul
Zin
The Shining One

Shops:
D:5 :?*![   D:8 *   D:9 }*?(=

Annotations:
D:8 Harold
D:9 3 runed translucent doors, jasper's ghost, novice PaFi
D:10 2 runed translucent doors


Innate Abilities, Weirdness & Mutations

You are small and have problems with some larger weapons.
You are completely attuned to the shadows.


Message History

The gnoll burns you.
* * * LOW HITPOINT WARNING * * *
You block the gnoll's attack. The gnoll completely misses you.
Your transformation is almost over.
The gnoll misses you. The gnoll barely misses you.
You slice the gnoll!!
You kill the gnoll!
The gnoll completely misses you.
You see here a +0 spear of flaming.
You slash the gnoll!
You kill the gnoll!
You hit the gnoll.
The gnoll is lightly wounded.
The gnoll closely misses you.
You completely miss the gnoll.
The gnoll is lightly wounded.
The gnoll hits you with a +0 whip!
You die...

,#.....# #.#.##########.
#.....####)#.#......#...
*∆#......)..(#........#.#. ,,
#....#######........#.## ,
.'..........'........#.##
,,,..#)##########........#.##
..#.# #...####......#.## , ,
,* #g#.# #........## * *
#@#.####........##
#.).............## *
#####.####........## , ,
...#.# ####.....## *
**###.#)### #.....## *
.....(..# #.....## ...)....#
#....... ,........# #.......
,........# ########


You could see a gnoll.

Vanquished Creatures
  2 two-headed ogres
  An unseen horror (D:10)
  Pikel (D:7)
  Psyche (D:8)
  A gargoyle (D:10)
  A troll (D:10)
  5 yaks
  Sigmund (D:5)
  Eustachio (D:5)
  Menkaure (D:5)
  Duvessa (D:4)
  A water moccasin (D:8)
  An orc warrior (D:6)
  2 eyes of draining (D:10)
  A necrophage (D:10)
  A sky beast (D:9)
  An ice beast (D:5)
  3 ogres
  9 centaurs
  A lemure (D:8)
  A big kobold (D:7)
  3 bullfrogs
  A wyvern zombie (D:8)
  2 gnoll sergeants
  Dowan (D:4)
  4 scorpions
  10 wights
  2 howler monkeys (D:10)
  4 orc priests
  2 quasits
  6 hounds
  A centaur skeleton (D:4)
  4 jellies
  5 orc wizards
  A bullfrog skeleton (D:7)
  Crazy Yiuf (D:4)
  3 iguanas
  13 worker ants
  2 hound skeletons
  A worker ant zombie (D:9)
  9 adders
  8 gnolls
  2 river rats (D:3)
  2 shadow imps
  3 ufetubi
  5 adder zombies
  5 worms
  A dart slug (D:1)
  6 leopard geckos
  30 orcs
  7 giant cockroaches
  4 goblins
  14 hobgoblins
  12 jackals
  2 ball pythons
  11 bats
  7 frilled lizards
  8 kobolds
  A leopard gecko zombie (D:5)
  A quokka skeleton (D:9)
  8 rats
249 creatures vanquished.

Notes
Turn   | Place    | Note
-------+----------+-------------------------------------------
     0 | D:1      | jasper the Kobold Transmuter began the quest for the Orb.
     0 | D:1      | Reached XP level 1. HP: 12/12 MP: 3/3
   276 | D:1      | Reached XP level 2. HP: 13/16 MP: 3/5
   412 | D:1      | Learned a level 2 spell: Wereblood
   962 | D:1      | Reached XP level 3. HP: 20/20 MP: 4/6
  1783 | D:2      | Reached skill level 4 in Unarmed Combat
  1789 | D:2      | Reached skill level 1 in Stealth
  1789 | D:2      | Reached XP level 4. HP: 6/26 MP: 5/7
  3099 | D:2      | Found a hide-covered altar of Uskayaw.
  3226 | D:2      | Reached XP level 5. HP: 20/30 MP: 6/8
  3882 | D:2      | Found a faded altar of an unknown god.
  4257 | D:3      | Learned a level 3 spell: Spider Form
  4476 | D:4      | Found a runed translucent door.
  4479 | D:4      | Noticed Crazy Yiuf
  4489 | D:4      | Killed Crazy Yiuf
  4632 | D:4      | Reached XP level 6. HP: 29/35 MP: 7/9
  4716 | D:4      | Reached skill level 5 in Unarmed Combat
  5194 | D:4      | Noticed Duvessa
  5194 | D:4      | Noticed Dowan
  5347 | D:5      | Entered Level 5 of the Dungeon
  5357 | D:5      | Reached skill level 1 in Poison Magic
  5433 | D:5      | Found Qoabam's Book Shoppe.
  5478 | D:5      | Found Izxu's General Store.
  5502 | D:5      | Reached XP level 7. HP: 19/40 MP: 8/10
  5709 | D:5      | Found Imua's Magic Scroll Shoppe.
  5713 | D:5      | Bought a scroll of identify for 28 gold pieces
  5713 | D:5      | Bought a scroll of identify for 28 gold pieces
  5713 | D:5      | Bought a scroll of identify for 28 gold pieces
  5713 | D:5      | Bought a scroll of identify for 28 gold pieces
  5713 | D:5      | Bought a scroll of teleportation for 42 gold pieces
  5781 | D:5      | Noticed Sigmund
  5866 | D:5      | Noticed Menkaure
  5875 | D:5      | Killed Menkaure
  5875 | D:5      | Reached skill level 6 in Unarmed Combat
  5886 | D:5      | Reached XP level 8. HP: 35/46 MP: 9/11
  5969 | D:5      | Noticed Eustachio
  6065 | D:5      | Reached skill level 1 in Shields
  6431 | D:6      | Found a staircase to the Ecumenical Temple.
  6437 | Temple   | Entered the Ecumenical Temple
  6446 | Temple   | Became a worshipper of Ashenzari the Shackled
  6988 | D:6      | Reached skill level 7 in Unarmed Combat
  7477 | D:7      | Reached XP level 9. HP: 12/52 MP: 12/12
  8045 | D:7      | Reached skill level 5 in Fighting
  8059 | D:7      | Learned a level 1 spell: Animate Skeleton
  8204 | D:7      | Reached skill level 8 in Unarmed Combat
  8915 | D:8      | Reached * piety under Ashenzari
  8919 | D:8      | Noticed a two-headed ogre
  9077 | D:8      | Noticed Psyche
  9099 | D:8      | Killed Psyche
  9367 | D:8      | Noticed Pikel
  9382 | D:8      | Reached skill level 5 in Dodging
  9413 | D:7      | Killed Pikel
  9413 | D:7      | Reached skill level 9 in Unarmed Combat
  9413 | D:7      | Reached skill level 5 in Transmutations
  9413 | D:7      | Reached XP level 10. HP: 45/61 MP: 11/13
  9619 | D:8      | Killed a two-headed ogre
  9619 | D:8      | Reached skill level 5 in Stealth
  9697 | D:8      | Noticed Harold
  9805 | D:8      | Found Giqiej's Serpentskin Sales.
  9888 | D:5      | Bought a +2 hat of intelligence for 231 gold pieces
 10806 | D:4      | Killed Duvessa
 10808 | D:4      | Killed Dowan
 11156 | D:5      | Killed Eustachio
 11156 | D:5      | Reached skill level 10 in Unarmed Combat
 11203 | D:5      | Found Irchiyss's Distillery.
 11204 | D:5      | Found Ila Mamp's Armour Shop.
 11211 | D:5      | Bought a potion of curing for 30 gold pieces
 11211 | D:5      | Bought a potion of heal wounds for 50 gold pieces
 11300 | D:5      | Killed Sigmund
 11564 | D:5      | Reached ** piety under Ashenzari
 11578 | D:5      | Learned a level 5 spell: Blade Hands
 12148 | D:9      | Found Hyoz's Magic Scroll Emporium.
 12172 | D:9      | Bought a scroll of remove curse for 48 gold pieces
 12172 | D:9      | Bought a scroll of remove curse for 48 gold pieces
 12314 | D:9      | Found a runed translucent gate.
 12314 | D:9      | Found a runed translucent gate.
 12314 | D:9      | Found a runed translucent gate.
 12361 | D:9      | Found Ewabev's Assorted Antiques.
 12370 | D:9      | Bought a scroll labeled WEOS JO MARA for 23 gold pieces
 12370 | D:9      | Bought a scroll labeled GASET ECRIR for 23 gold pieces
 12418 | D:9      | Reached XP level 11. HP: 66/67 MP: 14/14
 12514 | D:9      | Noticed jasper's ghost (novice PaFi)
 12546 | D:9      | Found Pex Syor's Gadget Boutique.
 12657 | D:9      | Found Rumoz's Jewellery Shop.
 12662 | D:9      | Found Aduloimi's Antique Weapon Shop.
 12954 | D:9      | Identified the +3 long sword of Doom {vorpal, rElec Str-5
                  | Int+4}
 12970 | D:10     | Entered Level 10 of the Dungeon
 13055 | D:10     | Learned a level 1 spell: Apportation
 13566 | D:10     | Found a runed translucent door.
 13650 | D:10     | Found a runed translucent door.
 13723 | D:10     | Killed an unseen horror
 13723 | D:10     | Reached skill level 11 in Unarmed Combat
 14021 | D:10     | Noticed a two-headed ogre
 14030 | D:10     | Killed a two-headed ogre
 14057 | D:10     | Slain by a gnoll

Illustrated notes

Levels and vault maps discovered:
D:1:      beargit_arrival_greenhouse, layout_basic
D:2:      layout_loops_cross, eat_drink_and_be_merry_uskayaw,
          chequers_ecumenical_altar_island, minmay_pentomino_r2
D:3:      layout_rooms, portal_sewer_entry_e
D:4:      layout_basic, uniq_crazy_yiuf_cottage, uniq_duvessa
D:5:      wad_river_or_something, layout_loops_ring, serial_shops, shop, shop,
          shop, shop, shop, uniq_eustachio, uniq_menkaure, uniq_sigmund
D:6:      layout_basic, minmay_temple_entry_trees, minmay_microvault
D:7:      layout_rooms, hangedman_abyss_or_decor_stabs
D:8:      layout_cave_pools, guppyfry_shop_venom, uniq_pikel, uniq_harold,
          uniq_psyche
D:9:      layout_rooms, biasface_ghost_orc_armoury, serial_shops,
          shop_fountains, nicolae_shop_statue_plus, shop, shop_statue,
          nicolae_shop_stone
D:10:     lemuel_insect_pit, layout_basic
Temple:   nicolae_temple_the_god_donut

Skill      XL: |  1  2  3  4  5  6  7  8  9 10 11 |
---------------+----------------------------------+-----
Unarmed Combat | 4 5 6 7 9 10 11 | 11.3
Stealth        | 1 2 3 4 6 8 |  8.3
Fighting       | 2 3 4 6 7 8 |  8.3
Dodging        | 3 4 5 7 |  7.0
Poison Magic   | 1 2 |  2.2
Shields        | 2 3 4 |  4.3
Transmutations | 3 5 |  5.0
Spellcasting   | |  2.1

Action                   |  1- 3 |  4- 6 |  7- 9 | 10-12 || total
-------------------------+-------+-------+-------+-------++-------
Melee: Unarmed           |    85 |   210 |   305 |   338 ||   938
       Headbutt          |    10 |    20 |    28 |     4 ||    62
       Kick              |    22 |    38 |    58 |     5 ||   123
       Punch             |     1 |     2 |     2 |     3 ||     8
Throw: Stone             |    13 |    33 |     4 |       ||    50
       Boomerang         |       |       |    11 |     2 ||    13
 Cast: Beastly Appendage |    20 |    33 |    31 |     2 ||    86
       Spider Form       |       |       |     8 |    22 ||    30
       Wereblood         |       |       |     1 |     1 ||     2
       Blade Hands       |       |       |       |     8 ||     8
Invok: Curse Item        |       |       |     3 |     4 ||     7
Evoke: Wand              |       |     3 |     9 |       ||    12
  Use: Scroll            |       |     6 |     7 |     3 ||    16
       Potion            |       |     1 |     3 |     2 ||     6
 Stab: Sleeping          |     4 |     6 |     8 |    19 ||    37
       Paralysed         |       |    10 |    21 |       ||    31
       Distracted        |       |       |       |     1 ||     1
Armor: Robe              |     7 |    24 |    35 |     7 ||    73
       Skin              |       |       |       |     3 ||     3
Dodge: Dodged            |    54 |   139 |   159 |   198 ||   550
Block: Other             |       |       |    22 |    41 ||    63
       Buckler           |       |       |    87 |    43 ||   130
       Reflection        |       |       |     2 |     2 ||     4

Table legend: (Time is in decaauts)
 A = Elapsed time spent in this place.
 B = Non-inter-level travel time spent in this place.
 C = Inter-level travel time spent in this place.
 D = Time resting spent in this place.
 E = Time spent auto-exploring this place.
 F = Levels seen in this place.
 G = Mean time per level.
                   A        B        C        D        E       F      G
               +--------+--------+--------+--------+--------+-----+--------+
         Total |  13975 |  13407 |    568 |   2097 |   9158 |  11 | 1270.5 |
       Dungeon |  13640 |  13107 |    533 |   2097 |   8876 |  10 | 1364.0 |
        Temple |    335 |    300 |     35 |      0 |    282 |   1 |  335.0 |
               +--------+--------+--------+--------+--------+-----+--------+

Top non-repeatable levels by time:
     D:2: 2103 daAuts
     D:1: 1944 daAuts
     D:5: 1598 daAuts
     D:7: 1489 daAuts
     D:4: 1470 daAuts
     D:6: 1195 daAuts
    D:10: 1066 daAuts
     D:3: 999 daAuts
     D:8: 963 daAuts
     D:9: 808 daAuts
  Temple: 335 daAuts
